 Dungeon Crawl Stone Soup version 0.27-a0-1144-g0b7d3b79db (webtiles) character file.

Game seed: 15281503942930568914

31 Sobieck the Chopper (level 3, 0/30 HPs)
             Began as a Ghoul Gladiator on May 10, 2021.
             Slain by an orc priest
             ... wielding a +0 trident
              (6 damage)
             ... on level 3 of the Dungeon.
             The game lasted 00:03:22 (1236 turns).

Sobieck the Chopper (Ghoul Gladiator)               Turns: 1236, Time: 00:03:22

Health: 0/30       AC:  7    Str: 17    XL:     3   Next: 22%
Magic:  2/2        EV: 10    Int:  4    God:
Gold:   55         SH:  0    Dex: 10    Spells: 2/2 levels left

rFire    + . .     SeeInvis .   a - +0 war axe {axe}
rCold    + . .     Faith    .   (no shield)
rNeg     + + +     Spirit   .   q - +0 scale mail rPois โˆž Reflect .
                                c - +0 helmet
rElec    .         Harm     .   h - scarf {+Inv}
rCorr    .         Rampage  .   (no gloves)
Will     .....                  (no boots)
Stlth    ..........             (no amulet)
HPRegen  0.00/turn              v - ring of protection from fire
MPRegen  0.08/turn              (no ring)

@: no status effects
A: claws 1, cold resistance 1, negative energy resistance 3, inhibited
regeneration, torment resistance 2
a: Evoke Invisibility


You were on level 3 of the Dungeon.
You visited 1 branch of the dungeon, and saw 4 of its levels.

You collected 55 gold pieces.


Innate Abilities, Weirdness & Mutations

You thrive by killing the living.
You are immune to poison.
You have sharp fingernails.
Your flesh is cold resistant. (rC+)
You are immune to negative energy. (rN+++)
You do not regenerate when monsters are visible.
You are immune to unholy pain and torment.


   Skills:
 + Level 2.4 Fighting
 + Level 3.1 Axes
 - Level 1.7 Throwing
 + Level 1.1 Armour
 + Level 3.1 Dodging


You had 2 spell levels left.
You didn't know any spells.
Your spell library was empty.

Inventory:

Hand Weapons
 a - a +0 war axe (weapon) {axe}
Missiles
 d - 3 throwing nets (quivered) {=f!fthrowing}
 g - 45 stones {throwing}
 i - 101 arrows
 p - 20 sling bullets
 r - 11 poisoned darts {throwing}
Armour
 b - a +0 leather armour
 c - a +0 helmet (worn)
 h - a scarf of invisibility (worn)
   (You found it on level 1 of the Dungeon)
 q - a +0 scale mail (worn)
   (You found it on level 2 of the Dungeon)
Jewellery
 v - a ring of protection from fire (left claw)
   (You found it on level 2 of the Dungeon)
Scrolls
 e - 2 scrolls of noise {unknown}
 f - 2 scrolls of immolation {unknown}
 j - 5 scrolls of identify {unknown}
 m - a scroll of summoning {unknown}
 o - a scroll of fog {unknown}
 s - a scroll of enchant weapon {unknown}
 t - 3 scrolls of vulnerability {unknown}
 w - a scroll of torment {unknown}
Potions
 k - a potion of berserk rage {unknown}
 l - a potion of invisibility {unknown}
 n - a potion of mutation {unknown}
 u - a potion of curing {unknown}

Dungeon Overview and Level Annotations

Branches:
Dungeon (4/15)
 Temple: D:4-7

Altars:

Annotations:
D:2 1 runed translucent door, Crazy Yiuf

....... #.......
#........ ###
###........ #..
..K.?......#####<.
..#####.................
......?o....# #######..
......o@.#.# ##..
......#.โ€ ..# #..#
..### ###..### ##.##
###....#######>.#
#...##.........##
##.#########...รท>## #..
#...###... #.
#..#######.### #... ###.
##.........# #...


You could see an orc priest, an orc and a kobold.


Message History

๐Ÿ˜• HP[-1]
You take 1 damage, and now have 25/29 hp.
You hit the kobold.
You kill the kobold!
No target in view!
Things that are here:
a +0 short sword {short}; a kobold corpse ๐Ÿ˜Ž HP[+4]
Your hp is fully restored (29).
e - 2 scrolls labelled ZEATHA IWOUX (gained 1)
Things that are here:
a +0 short sword {short}; a kobold corpse You see here a rat skeleton.
A hobgoblin comes into view.
The hobgoblin hits you but does no damage.
You hit the hobgoblin. The hobgoblin barely misses you.
The hobgoblin hits you. ๐Ÿ˜• HP[-2]
You take 2 damage, and now have 27/29 hp.
You completely miss the hobgoblin. The hobgoblin hits you.
A hobgoblin comes into view. ๐Ÿ˜• HP[-1]
You take 1 damage, and now have 26/29 hp.
The hobgoblin shouts!
You hit the hobgoblin.
You kill the hobgoblin! ๐Ÿ˜• HP[+1]
You now have 30 max hp (+1).
No target in view!
No target in view!
No target in view!
A ball python comes into view.
The ball python hisses angrily.
An orc comes into view. It is wielding a +0 flail.
You see here a hobgoblin corpse.
The hobgoblin hits you but does no damage.
You barely miss the hobgoblin. The hobgoblin barely misses you.
An orc comes into view. It is wielding a +0 club.
Your scale mail prevents you from hitting the hobgoblin.
The orc shouts!
The hobgoblin closely misses you. x2
You hit the hobgoblin. The hobgoblin closely misses you.
You closely miss the hobgoblin. You barely miss the orc.
The hobgoblin hits you but does no damage.
The orc completely misses you.
You slash the hobgoblin!
You kill the hobgoblin!
You feel better.
You barely miss the orc.
The orc hits you with a +0 flail. ๐Ÿ˜ฎ HP[-5]
You take 5 damage, and now have 22/30 hp.
You are too injured to fight recklessly!
You are too injured to fight recklessly!
You are too injured to fight recklessly!
Unknown command.
You hit the orc. You closely miss the ball python.
The ball python bites you but does no damage.
The ball python grabs you. The ball python constricts you.
The orc completely misses you.
The ball python bites you but does no damage.
The ball python constricts you. The orc closely misses you.
You closely miss the orc. You hit the ball python.
You kill the ball python!
You feel better.
An orc priest comes into view. It is wielding a +0 trident.
The orc hits you with a +0 flail. ๐Ÿ˜ฎ HP[-1]
You take 1 damage, and now have 21/30 hp.
Unknown command.
The orc priest shouts!
You slash the orc!
You kill the orc!
Your scale mail prevents you from hitting the orc.
You hear a shout!
The orc hits you with a +0 club.
The orc hits you but does no damage. ๐Ÿ˜ฎ HP[-4]
You take 4 damage, and now have 17/30 hp.
Unknown command.
A kobold comes into view. It is wielding a +0 dagger.
The orc priest hits you with a +0 trident.
The orc closely misses you.
Items here: ( ) [ โ€ . ๐Ÿ˜ฎ HP[-1]
You take 1 damage, and now have 16/30 hp.
You barely miss the orc priest. You closely miss the orc.
The orc priest hits you with a +0 trident!
* * * LOW HITPOINT WARNING * * *
The orc hits you but does no damage. ๐Ÿ˜จ HP[-8]
You take 8 damage, and now have 8/30 hp.
MASSIVE DAMAGE!! (PAUSE)
You closely miss the orc priest. You barely miss the orc.
The orc priest hits you with a +0 trident.
* * * LOW HITPOINT WARNING * * *
The orc hits you but does no damage. ๐Ÿ˜ฑ HP[-2]
You take 2 damage, and now have 6/30 hp.
Unknown command.
You barely miss the orc priest. You hit the orc.
The orc priest barely misses you. The orc barely misses you.
The orc priest hits you with a +0 trident.
You die...

Skill      XL: |  1  2 |
---------------+-------+-----
Armour         | 1 |  1.1
Dodging        | 3 |  3.1
Axes           | 3 |  3.1
Fighting       | |  2.4
Throwing       | |  1.7

Action                   || total
-------------------------++-------
Melee: War axe           ||    60
Armor: Leather armour    ||    21
       Scale mail        ||    14
Dodge: Dodged            ||    39

Levels and vault maps discovered:
D:1:      dpeg_arrival_houses_and_road, layout_rooms,
          ebering_ecumenical_altar_webs
D:2:      layout_rooms, bh_walls_and_bars, uniq_crazy_yiuf_cottage
D:3:      layout_rooms, kennysheep_generic_room_12
D:4:      layout_basic, serial_shops, shop, patterned_corridor

Notes
Turn   | Place    | Note
-------+----------+-------------------------------------------
     0 | D:1      | Sobieck the Ghoul Gladiator began the quest for the Orb.
     0 | D:1      | Reached XP level 1. HP: 17/17 MP: 0/0
     0 | D:1      | magus.rc [v1.9.6]
    35 | D:1      | Found a faded altar of an unknown god.
   356 | D:1      | Reached XP level 2. HP: 24/24 MP: 1/1
   583 | D:2      | Reached skill level 1 in Armour
   583 | D:2      | Reached skill level 3 in Dodging
   631 | D:2      | Reached skill level 3 in Axes
   900 | D:3      | Reached XP level 3. HP: 29/29 MP: 2/2
   990 | D:2      | Found a runed translucent door.
   991 | D:2      | Noticed Crazy Yiuf
  1235 | D:3      | HP: 6/30 [orc priest/+0 trident (2)]
  1236 | D:3      | Slain by an orc priest

Vanquished Creatures
  An orc (D:3)
  2 ball pythons
  4 endoplasms
  2 goblins (D:1)
  3 hobgoblins
  4 jackals
  2 quokkas
  2 bats
  2 kobolds
  2 rats
24 creatures vanquished.

Table legend:
 A = Non-vault XP
 B = Vault XP
 C = Vault XP percentage of total XP
 D = Non-vault monster count
 E = Vault monster count
 F = Vault count percentage of total count
                 A         B        C        D         E       F
            +---------+---------+-------+---------+---------+-------
      Total |      45 |       0 |   0.0 |      24 |       0 |   0.0
            +---------+---------+-------+---------+---------+-------
        D:1 |      18 |       0 |   0.0 |       9 |       0 |   0.0
        D:2 |      13 |       0 |   0.0 |       8 |       0 |   0.0
        D:3 |      14 |       0 |   0.0 |       7 |       0 |   0.0
            +---------+---------+-------+---------+---------+-------

Illustrated notes

Table legend:
 A = Kills in this place as a percentage of kills in entire the game.
 B = Kills by you in this place as a percentage of kills by you in the entire game.
 C = Kills by friends in this place as a percentage of kills by friends in the entire game.
 D = Other kills in this place as a percentage of other kills in the entire game.
 E = Experience gained in this place as a percentage of experience gained in the entire game.
 F = Experience gained in this place divided by the number of levels of this place that you have seen.
                   A       B       C       D       E      F
               +-------+-------+-------+-------+-------+----------------------
         Total | 100.0 | 100.0 |   N/A |   N/A | 100.0 |  11.2
       Dungeon | 100.0 | 100.0 |   N/A |   N/A | 100.0 |  11.2
               +-------+-------+-------+-------+-------+----------------------

Table legend: (Time is in decaauts)
 A = Elapsed time spent in this place.
 B = Non-inter-level travel time spent in this place.
 C = Inter-level travel time spent in this place.
 D = Time resting spent in this place.
 E = Time spent auto-exploring this place.
 F = Levels seen in this place.
 G = Mean time per level.
                   A        B        C        D        E       F      G
               +--------+--------+--------+--------+--------+-----+--------+
         Total |   1264 |   1126 |    138 |    174 |    750 |   4 |  316.0 |
       Dungeon |   1264 |   1126 |    138 |    174 |    750 |   4 |  316.0 |
               +--------+--------+--------+--------+--------+-----+--------+

Top non-repeatable levels by time:
     D:1: 580 daAuts
     D:2: 498 daAuts
     D:3: 180 daAuts
     D:4: 4 daAuts
